 Dungeon Crawl Stone Soup version 0.31-a0-234-gad7ace16ef (webtiles) character file.

Game seed: 10347545152287560727

51 qw the Shooter (level 3, -1/21 HPs)
             Began as a Gargoyle Hexslinger on July 9, 2023.
             Slain by a gnoll
             ... wielding a +0 club
              (6 damage)
             ... on level 2 of the Dungeon.
             The game lasted 00:00:26 (1200 turns).

qw the Shooter (Gargoyle Hexslinger)                Turns: 1200, Time: 00:00:27

Health: -1/21      AC:  5    Str: 11    XL:     3   Next: 81%
Magic:  4/4        EV: 12    Int: 13    God:
Gold:   64         SH:  0    Dex: 14    Spells: 3/4 levels left

rFire   . . .        Y - +1 sling
rCold   . . .        (no shield)
rNeg    + . .        c - +0 robe
rPois   inf          (no helmet)
rElec   +            (no cloak)
rCorr   .            (no gloves)
SInv    .            (no boots)
Will    .....        (no amulet)
Stlth   +            (no ring)
HPRegen 0.23/turn    (no ring)
MPRegen 0.09/turn

%: no passive effects
@: no status effects
A: sickness immunity, AC +3, negative energy resistance 1, electricity
resistance, torment resistance 1, petrification resistance
a: no special abilities


You were on level 2 of the Dungeon.
You visited 1 branch of the dungeon, and saw 2 of its levels.

You collected 64 gold pieces.


Innate Abilities, Weirdness & Mutations

You are immune to sickness and miasma.
Your stone body is resilient. (AC +3)
You are immune to poison.
You resist negative energy. (rN+)
You are resistant to electric shocks. (rElec)
You are resistant to unholy torment.
You are immune to petrification.


   Skills:
 - Level 2.0 Fighting
 + Level 3.6 Ranged Weapons
 - Level 1.5 Dodging
 - Level 1.0 Spellcasting
 - Level 2.6 Hexes


You had 3 spell levels left.
You knew the following spells:

 Your Spells              Type           Power      Damage    Failure   Level
a - Slow                  Hex            28%        N/A       10%         1

Your spell library contained the following spells:

 Spells                   Type           Power      Damage    Failure   Level
 Inner Flame              Hex/Fire       4%         N/A       43%         3
 Portal Projectile        Hex/Tloc       8%         N/A       43%         3
 Cause Fear               Hex            3%         N/A       67%         4

Inventory:

Hand Weapons
 Y - a +1 sling (weapon)
Armour
 c - a +0 robe (worn)
Scrolls
 g - a scroll of identify
Potions
 a - a potion of attraction {unknown}
 d - a potion of brilliance {unknown}
 f - a potion of heal wounds {unknown}
 h - a potion of mutation {unknown}

Dungeon Overview and Level Annotations

Branches:
Dungeon (2/15)

Altars:

Shops:
D:1 =


Message History

A gnoll comes into view. It is wielding a +0 flail.
Enter note:
Enter note:
Enter note:
Enter note:
Enter note:
Enter note:
Enter note:
Enter note:
Enter note: You shoot a sling bullet.
The sling bullet hits the gnoll but does no damage.
The gnoll shouts!
You shoot a sling bullet. The sling bullet hits the gnoll.
The gnoll is heavily wounded.
You hear a shout!
A gnoll comes into view. It is wielding a +0 club.
You shoot a sling bullet.
The sling bullet hits the gnoll but does no damage.
The gnoll is heavily wounded.
You shoot a sling bullet.
The sling bullet hits the gnoll but does no damage.
The gnoll is heavily wounded.
You shoot a sling bullet.
The sling bullet barely misses the gnoll.
A gnoll comes into view. It is wielding a +0 whip.
You shoot a sling bullet. The gnoll shouts!
The sling bullet hits the gnoll!
You kill the gnoll!
You shoot a sling bullet. The sling bullet hits the gnoll.
The gnoll is heavily wounded.
The gnoll hits you with a +0 club!
You shoot a sling bullet. The sling bullet hits the gnoll.
The gnoll is almost dead.
The gnoll hits you with a +0 club.
You shoot a sling bullet.
The sling bullet barely misses the gnoll.
The gnoll hits you with a +0 club. x2
You die...

##### #...##
######
#.#..###....##
#..#.....##..#
##..########@#
### ##......#
#g# ..#
######.# #..
#.##########.#
##g#
#.##.........#
.#
#.##.#########
.#
...#.#......###
.#
...#.#.........
.#
...#.#..^....##


You could see 2 gnolls.

Vanquished Creatures
  A gnoll (D:2)
  An adder (D:2)
  2 worms (D:2)
  A dart slug (D:2)
  2 ball pythons
  An endoplasm (D:1)
  A goblin (D:1)
  3 hobgoblins
  A jackal (D:1)
  3 kobolds
  A quokka (D:1)
  3 bats
  4 frilled lizards (D:2)
  A rat (D:1)
25 creatures vanquished.

Notes
Turn   | Place    | Note
-------+----------+-------------------------------------------
     0 | D:1      | qw the Gargoyle Hexslinger began the quest for the Orb.
     0 | D:1      | Reached XP level 1. HP: 12/12 MP: 2/2
     0 | D:1      | 0 ||| qw: Version: 0.3-a-51-g015441d
     0 | D:1      | 0 ||| qw: Game counter: 4126
     0 | D:1      | 0 ||| qw: Melee chars always use a shield: true
     0 | D:1      | 0 ||| qw: God list: Okawaru
     0 | D:1      | 0 ||| qw: Allow faded altars: false
     0 | D:1      | 0 ||| qw: Do Orc after clearing Dungeon:15 true
     0 | D:1      | 0 ||| qw: Do second Lair branch before Depths: true
     0 | D:1      | 0 ||| qw: Lair rune preference: random
     0 | D:1      | 0 ||| qw: Goals: Normal
     0 | D:1      | 0 ||| PLANNING D:1-11
    84 | D:1      | Reached XP level 2. HP: 14/16 MP: 3/3
   103 | D:1      | Found Izxaweuc's One-of-a-Kind Rings.
   112 | D:1      | 112 ||| SHOPLISTING +3 ring of protection (231 gold, have
                  | 30).
   112 | D:1      | 112 ||| SHOPLISTING +5 ring of protection (605 gold, have
                  | 30).
   112 | D:1      | 112 ||| SHOPLISTING ring "Gazum" {Fly Dex+5 Slay-3} (246
                  | gold, have 30).
   112 | D:1      | 112 ||| SHOPLISTING ring "Ixanuocs" {Fire Fly rCorr Int+3
                  | Dex-3} (436 gold, have 30).
   585 | D:1      | Reached skill level 3 in Ranged Weapons
   742 | D:1      | 742 ||| READING scroll labelled GOB NAFETE.
   743 | D:1      | 743 ||| READING scroll labelled NIAGIL WOEZUACW.
   744 | D:1      | 744 ||| READING scroll labelled NAEP HUUHOSOI.
   748 | D:1      | 748 ||| READING 2 scrolls labelled ZUGRODGHOROH.
   749 | D:1      | 749 ||| DROPPING scroll of poison.
   812 | D:2      | Reached XP level 3. HP: 17/21 MP: 4/4
   920 | D:2      | 920 ||| READING scroll labelled DOUGGOI RISIU.
  1056 | D:2      | 1056 ||| READING scroll labelled BANIOC HAOF TOU.
  1057 | D:2      | 1057 ||| DRINKING 3 ruby potions.
  1058 | D:2      | 1058 ||| DROPPING 2 potions of invisibility.
  1200 | D:2      | HP: 5/21 [gnoll/+0 club (4)]
  1200 | D:2      | Slain by a gnoll

Levels and vault maps discovered:
D:1:      dpeg_arrival_simpleton_a, layout_basic, st_stairs_4,
          nicolae_shop_unique_rings
D:2:      minmay_inner_zag, layout_basic, serial_co_window_serial,
          co_window_paths_b, co_window_paths_a, co_window_paths_b,
          co_window_paths_a, co_window_paths_a, co_window_of_opportunity_c,
          co_window_corner_ca, co_window_corner_b, co_window_unsneaky_path_a,
          co_window_2corner, co_window_paths_d, glass_columns_c,
          glass_columns_a, glass_columns_b, glass_columns_b, glass_columns_c

Skill      XL: |  1  2  3 |
---------------+----------+-----
Ranged Weapons | 3 |  3.6
Fighting       | 2 |  2.0
Dodging        | |  1.5
Spellcasting   | |  1.0
Hexes          | |  2.6

Action                     || total
---------------------------++-------
   Fire: Sling             ||    89
    Use: Scroll            ||     6
         Potion            ||     1
 Armour: Robe              ||     7
  Dodge: Dodged            ||    17

Table legend:
 A = Non-vault XP
 B = Vault XP
 C = Vault XP percentage of total XP
 D = Non-vault monster count
 E = Vault monster count
 F = Vault count percentage of total count
                 A         B        C        D         E       F
            +---------+---------+-------+---------+---------+-------
      Total |      67 |       6 |   8.2 |      22 |       3 |  12.0
            +---------+---------+-------+---------+---------+-------
        D:1 |      14 |       6 |  30.0 |       8 |       3 |  27.3
        D:2 |      53 |       0 |   0.0 |      14 |       0 |   0.0
            +---------+---------+-------+---------+---------+-------
